 Dungeon Crawl Stone Soup version 0.29-a0-668-g12ee2bf84d (webtiles) character file.

Game seed: 949250111755309863

28 zeratav the Stinger (level 3, -1/24 HPs)
             Began as a Formicid Venom Mage on June 23, 2022.
             Frozen to death by an endoplasm (5 damage)
             ... on level 3 of the Dungeon.
             The game lasted 00:02:07 (1624 turns).

zeratav the Stinger (Formicid Venom Mage)           Turns: 1624, Time: 00:02:08

Health: -1/24      AC:  6    Str: 14    XL:     3   Next: 30%
Magic:  4/6        EV: 12    Int: 14    God:
Gold:   164        SH:  0    Dex: 14    Spells: 5/6 levels left

rFire   . . .      SeeInvis +   d - +0 whip {mace}
rCold   . . .      Faith    .   (no shield)
rNeg    . . .      Spirit   .   a - +0 robe
rPois   .          Reflect  .   (helmet unavailable)
rElec   .          Harm     .   (no cloak)
rCorr   .          Rampage  .   j - +0 pair of gloves
Will    .....                   n - +2 pair of boots
Stlth   ++........              (no amulet)
HPRegen 0.08/turn               p - +4 ring of slaying
MPRegen 0.10/turn               o - ring of wizardry

@: attractive
A: permanent stasis, dig shafts and tunnels, antennae 3, four strong arms
a: Dig, Shaft Self


You were on level 3 of the Dungeon.
You visited 1 branch of the dungeon, and saw 3 of its levels.

You collected 164 gold pieces.


Innate Abilities, Weirdness & Mutations

You cannot be hasted, slowed, berserked, paralysed or teleported.
You can dig through walls and to a lower floor.
You have a pair of large antennae on your head. (SInv)
Your four strong arms can wield two-handed weapons with a shield.


   Skills:
 - Level 1.7 Dodging
 - Level 2.4 Stealth
 - Level 2.1 Spellcasting
 - Level 1.1 Transmutations
 + Level 5.6 Poison Magic


You had 5 spell levels left.
You knew the following spells:

 Your Spells              Type           Power      Damage    Failure   Level
a - Sting                 Tmut/Pois      40%        1d5       2%          1

Your spell library contained the following spells:

 Spells                   Type           Power      Damage    Failure   Level
 Poisonous Vapours        Pois/Air       18%        N/A       4%          2
 Olgreb's Toxic Radiance  Pois           17%        N/A       9%          4
 Mephitic Cloud           Conj/Pois/Air  6%         N/A       13%         3

Inventory:

Hand Weapons
 d - a +0 whip (weapon) {mace}
   (You took it off a kobold on level 1 of the Dungeon)
Armour
 a - a +0 robe (worn)
 j - a +0 pair of gloves (worn)
   (You found it on level 2 of the Dungeon)
 n - a +2 pair of boots (worn)
   (You found it on level 3 of the Dungeon)
Jewellery
 g - a +6 ring of strength
   (You found it on level 1 of the Dungeon)
 l - an amulet of faith {!P}
   (You found it on level 2 of the Dungeon)
 o - a ring of wizardry (right hand)
   (You found it on level 3 of the Dungeon)
 p - a +4 ring of slaying (left hand)
   (You found it on level 3 of the Dungeon)
Scrolls
 c - a scroll of immolation {unknown}
 e - 4 scrolls of teleportation {unknown}
 h - 2 scrolls of identify {unknown}
 i - a scroll of fog {unknown}
 m - 2 scrolls of fear {unknown}
Potions
 b - a potion of magic
 f - 2 potions of attraction {!q}
 k - a potion of curing {unknown}

Dungeon Overview and Level Annotations

Branches:
Dungeon (3/15) Zot: 16375

Altars:

Annotations:
D:3 Ijyb

#.# #.#### # ...(. ?#
##...### .. ...).. ..
##. #...# . #.#...#J.#
#. . ......g@.# .. {
#. ###...##.# .#.# #.#
#...##.##.#.## ..#
#...##.K....... {
#.#####...##........
#.#.<.............#.#.
#........{.........#.#
###............<..#.#
##.###.#...#..###.#.#


You could see Ijyb (very poisoned), an endoplasm and a kobold.


Message History

e - 4 scrolls labelled VOLIBIYQA (gained 1)
You now have 132 gold pieces (gained 6).
You now have 141 gold pieces (gained 9).
You now have 150 gold pieces (gained 9).
You now have 164 gold pieces (gained 14).
You see here a +0 robe.
You open the door.
There is an open door here.
Done exploring.
Done exploring.
(D) Dungeon
Where to? (Enter - D:2, ? - help)
There is an open door here.
There is a stone staircase leading down here.
You climb downwards.
You sense a monster nearby.
There is a stone staircase leading up here.
The sting hits the rat.
The rat is poisoned.
You kill the rat!
MP[-1]
You lost 1 mp, and now have 5/6 mp.
An orc comes into view. It is wielding a +0 flail.
Found a stone staircase leading up.
MP[+1]
Your mp is fully restored (6).
n - a +2 pair of boots
o - a ring of wizardry Ijyb the Twisted Goblin comes into view.
She is wielding a +0 dagger and carrying a wand of iceblast (12).
p - a +4 ring of slaying
There is a stone staircase leading up here.
You climb upwards.
There is a stone staircase leading down here.
o - a ring of wizardry (right hand)
You start putting on your armour.
You continue putting on your +0 pair of gloves. x4
You finish putting on your +0 pair of gloves.
You start putting on your armour.
You continue putting on your +2 pair of boots. x4
You finish putting on your +2 pair of boots.
Okay, then.
You climb downwards.
Level annotation: Ijyb
There is a stone staircase leading up here.
You're wearing all the rings you can.
Remove which one? (? for menu, Esc to cancel) < or
g - a +6 ring of strength > or
o - a ring of wizardry You remove your +6 ring of strength.
You feel weaker.
p - a +4 ring of slaying (left hand) Ijyb zaps a wand.
The mass of ice explodes!
The iceblast engulfs you.
You hear an angry hiss.
You hear a shout!
HP[-4]
You take 4 damage, and now have 20/24 hp.
An endoplasm comes into view.
Ijyb zaps a wand.
The mass of ice explodes!
The iceblast engulfs you.
HP[-4]
You take 4 damage, and now have 16/24 hp.
Ijyb hits you with a +0 dagger.
* * * LOW HITPOINT WARNING * * *
HP[-4]
You take 4 damage, and now have 12/24 hp.
Casting: Sting (safe; 2% risk of failure)
Confirm with . or Enter, or press ? or * to list all spells.
Aiming: Sting (safe; 2% risk of failure)
Press: ? - help, Shift-Dir - straight line, f - Ijyb
Aim: Ijyb, wielding a +0 dagger, wearing a +0 chain mail and carrying a wand of iceblast (10) (71% to hit)
The sting hits Ijyb but does no damage.
Ijyb is poisoned.
Ijyb hits you but does no damage.
MP[-1]
You lost 1 mp, and now have 5/6 mp.
Casting: Sting (safe; 2% risk of failure)
Confirm with . or Enter, or press ? or * to list all spells.
Aiming: Sting (safe; 2% risk of failure)
Press: ? - help, Shift-Dir - straight line, f/p - Ijyb
Aim: Ijyb, wielding a +0 dagger, wearing a +0 chain mail and carrying a wand of iceblast (10) (poisoned, 71% to hit)
The sting hits Ijyb but does no damage.
Ijyb looks even sicker.
Ijyb hits you but does no damage.
MP[-1]
You lost 1 mp, and now have 4/6 mp.
You hit Ijyb.
An adder comes into view.
Ijyb hits you but does no damage.
You hit Ijyb but do no damage. Ijyb hits you with a +0 dagger.
* * * LOW HITPOINT WARNING * * *
HP[-4]
You take 4 damage, and now have 8/24 hp.
You closely miss Ijyb. The endoplasm closely misses you.
A kobold comes into view. It is wielding a +0 club.
Ijyb hits you with a +0 dagger.
* * * LOW HITPOINT WARNING * * *
HP[-4]
You take 4 damage, and now have 4/24 hp.
It was a potion of attraction.
You feel attractive to monsters. The endoplasm freezes you.
You are frozen.
You die...

Skill      XL: |  1  2 |
---------------+-------+-----
Poison Magic   | 5 |  5.6
Dodging        | |  1.7
Stealth        | |  2.4
Spellcasting   | |  2.1
Transmutations | |  1.1

Action                   || total
-------------------------++-------
Melee: Whip              ||    11
       Unarmed           ||     1
 Cast: Sting             ||    39
  Use: Potion            ||     1
Armor: Robe              ||     8
Dodge: Dodged            ||    16

Levels and vault maps discovered:
D:1:      dpeg_arrival_simpleton_b, layout_loops_ring,
          ebering_ecumenical_altar_sacrificial
D:2:      layout_rooms, chequers_arboretum
D:3:      layout_loops_cross, uniq_ijyb, uniq_natasha

Notes
Turn   | Place    | Note
-------+----------+-------------------------------------------
     0 | D:1      | zeratav the Formicid Venom Mage began the quest for the
                  | Orb.
     0 | D:1      | Reached XP level 1. HP: 13/13 MP: 3/3
     0 | D:1      | magus.rc [v1.9.6]
   324 | D:1      | Found a faded altar of an unknown god.
   332 | D:1      | Reached XP level 2. HP: 19/19 MP: 0/5
   606 | D:1      | Reached skill level 5 in Poison Magic
  1034 | D:2      | Reached XP level 3. HP: 24/24 MP: 3/6
  1587 | D:3      | Noticed Ijyb
  1623 | D:3      | HP: 4/24 [Ijyb/+0 dagger (4)]
  1624 | D:3      | Frozen to death by an endoplasm

Vanquished Creatures
  A worm (D:2)
  5 ball pythons
  An endoplasm (D:1)
  A giant cockroach (D:2)
  A goblin (D:2)
  3 hobgoblins (D:1)
  2 jackals (D:1)
  2 kobolds
  6 bats
  2 rats
24 creatures vanquished.

Table legend:
 A = Non-vault XP
 B = Vault XP
 C = Vault XP percentage of total XP
 D = Non-vault monster count
 E = Vault monster count
 F = Vault count percentage of total count
                 A         B        C        D         E       F
            +---------+---------+-------+---------+---------+-------
      Total |      41 |       0 |   0.0 |      24 |       0 |   0.0
            +---------+---------+-------+---------+---------+-------
        D:1 |      25 |       0 |   0.0 |      16 |       0 |   0.0
        D:2 |      15 |       0 |   0.0 |       7 |       0 |   0.0
        D:3 |       1 |       0 |   0.0 |       1 |       0 |   0.0
            +---------+---------+-------+---------+---------+-------

Illustrated notes

Table legend:
 A = Kills in this place as a percentage of kills in entire the game.
 B = Kills by you in this place as a percentage of kills by you in the entire game.
 C = Kills by friends in this place as a percentage of kills by friends in the entire game.
 D = Other kills in this place as a percentage of other kills in the entire game.
 E = Experience gained in this place as a percentage of experience gained in the entire game.
 F = Experience gained in this place divided by the number of levels of this place that you have seen.
                   A       B       C       D       E      F
               +-------+-------+-------+-------+-------+----------------------
         Total | 100.0 | 100.0 |   N/A |   N/A | 100.0 |  13.7
       Dungeon | 100.0 | 100.0 |   N/A |   N/A | 100.0 |  13.7
               +-------+-------+-------+-------+-------+----------------------

Table legend: (Time is in decaauts)
 A = Elapsed time spent in this place.
 B = Non-inter-level travel time spent in this place.
 C = Inter-level travel time spent in this place.
 D = Time resting spent in this place.
 E = Time spent auto-exploring this place.
 F = Levels seen in this place.
 G = Mean time per level.
                   A        B        C        D        E       F      G
               +--------+--------+--------+--------+--------+-----+--------+
         Total |   1623 |   1556 |     67 |     86 |   1289 |   3 |  541.0 |
       Dungeon |   1623 |   1556 |     67 |     86 |   1289 |   3 |  541.0 |
               +--------+--------+--------+--------+--------+-----+--------+

Top non-repeatable levels by time:
     D:1: 970 daAuts
     D:2: 606 daAuts
     D:3: 45 daAuts
